 Dungeon Crawl Stone Soup version 0.27-a0-686-gaed091b46b (webtiles) character file.

Game seed: 12436122763058154746

157 funkygono the Shield-Bearer (level 5, -11/46 HPs)
             Began as a Minotaur Fighter on Mar 20, 2021.
             Mangled by a gnoll
             ... wielding a +0 halberd
              (14 damage)
             ... on level 3 of the Dungeon.
             The game lasted 00:04:58 (1833 turns).

funkygono the Shield-Bearer (Minotaur Fighter)      Turns: 1833, Time: 00:04:58

Health: -11/46     AC:  9    Str: 22    XL:     5   Next: 15%
Magic:  4/4        EV:  8    Int:  5    God:
Gold:   171        SH: 11    Dex:  9    Spells: 4/4 levels left

rFire    . . .     SeeInvis .   a - +1 flail
rCold    + . .     Faith    .   c - +1 kite shield
rNeg     . . .     Spirit   .   i - +2 scale mail {Will+}
rPois    .         Reflect  .   (helmet restricted)
rElec    .         Harm     .   (no cloak)
rCorr    .         Rampage  .   (no gloves)
Will     +....                  (no boots)
Stlth    ..........             (no amulet)
HPRegen  0.15/turn              h - ring of protection from cold
MPRegen  0.09/turn              (no ring)

@: no status effects
A: horns 2, retaliatory headbutt
a: no special abilities


You were on level 3 of the Dungeon.
You visited 1 branch of the dungeon, and saw 3 of its levels.

You collected 171 gold pieces.

Inventory:

Hand Weapons
 a - a +1 flail (weapon)
Missiles
 f - 45 stones (quivered)
Armour
 c - a +1 kite shield (worn)
 i - a +2 scale mail of willpower (worn)
 k - a scarf of shadows
Jewellery
 h - a ring of protection from cold (right hand)
Wands
 g - a wand of flame (14)
Scrolls
 m - a scroll of torment {unknown}
Potions
 b - a potion of berserk rage {unknown}
 d - 2 potions of might
 e - 4 potions of curing {unknown}
 j - a potion of brilliance {unknown}
 l - a potion of degeneration {unknown}


   Skills:
 + Level 4.2 Fighting
 + Level 4.0 Maces & Flails
 + Level 0.6 Throwing
 + Level 4.3 Armour
 + Level 1.0 Dodging
 + Level 5.0 Shields


You had 4 spell levels left.
You didn't know any spells.
Your spell library contained the following spells:

 Spells                   Type           Power      Damage    Failure   Level
 Confusing Touch          Hex            0%         N/A       100%        3
 Gell's Gravitas          Tloc           0%         N/A       100%        3
 Petrify                  Tmut/Erth      0%         N/A       100%        4
 Metabolic Englaciation   Hex/Ice        0%         N/A       100%        5
 Yara's Violent Unravell  Hex/Tmut       0%         3d3       100%        5


Dungeon Overview and Level Annotations

Branches:
Dungeon (3/15)

Altars:
Ru


Innate Abilities, Weirdness & Mutations

You have a pair of horns on your head.
You reflexively headbutt those who attack you in melee.


Message History

You block the bat's attack.
You sock the bat!
You kill the bat!
f - 45 stones (gained 19)
You now have 171 gold pieces (gained 13).
A gnoll comes into view. It is wielding a +0 halberd.
Found a hardcover book.
There is a stone staircase leading down here.
A worm and 2 gnolls come into view.
The gnoll shouts!
You see here a murky emerald potion.
There is a stone staircase leading down here.
Okay, then.
The gnoll barely misses you. You block the gnoll's attack.
The gnoll hits you from afar with a +0 spear.
You closely miss the gnoll. The gnoll hits you with a +0 halberd.
The gnoll hits you from afar with a +0 spear.
You block the gnoll's attack.
You closely miss the gnoll. The gnoll hits you but does no damage.
You block the gnoll's attack. The gnoll hits you but does no damage.
Your shield and scale mail prevent you from hitting the gnoll.
Your headbutt misses the gnoll. The gnoll hits you with a +0 halberd.
The gnoll hits you from afar with a +0 spear.
You sock the gnoll!
You headbutt the gnoll, but do no damage.
The gnoll is heavily wounded.
You block the gnoll's attack. The gnoll hits you but does no damage.
The gnoll hits you with a +0 halberd! The gnoll closely misses you.
You closely miss the gnoll. Your headbutt misses the gnoll.
The gnoll is heavily wounded.
The gnoll hits you with a +0 halberd.
* * * LOW HITPOINT WARNING * * *
The gnoll hits you from afar with a +0 spear!
* * * LOW HITPOINT WARNING * * *
You closely miss the gnoll. You headbutt the gnoll.
The gnoll is almost dead.
The gnoll barely misses you. You block the gnoll's attack.
The gnoll hits you with a +0 halberd!
You die...

#........<# .#
#.........# ##
#.........#
#.........#
#.........#
##......#.# .#
#......#.##.#
#......#.##.#
####.###@##.#
#.# #g##.###.#
#.. #g##...#.#
#. #gw......#
#. #........###
#.##...†.......
#..#.......####
##.........#
#####.........#


You could see a worm and 3 gnolls.

Vanquished Creatures
  Terence (D:2)
  8 adders
  An ooze (D:3)
  2 worms (D:2)
  An orc (D:3)
  7 bats
  2 giant cockroaches
  2 goblins (D:1)
  11 hobgoblins
  A quokka (D:3)
  2 frilled lizards
  8 kobolds
  8 rats
54 creatures vanquished.

Vanquished Creatures (others)
  A plant (D:2)
1 creature vanquished.

Grand Total: 55 creatures vanquished

Notes
Turn   | Place    | Note
-------+----------+-------------------------------------------
     0 | D:1      | funkygono the Minotaur Fighter began the quest for the Orb.
     0 | D:1      | Reached XP level 1. HP: 19/19 MP: 0/0
   335 | D:1      | Reached skill level 4 in Shields
   336 | D:1      | Reached XP level 2. HP: 24/27 MP: 1/1
   766 | D:2      | Found a sacrificial altar of Ru.
   834 | D:2      | Reached XP level 3. HP: 33/33 MP: 2/2
   977 | D:2      | Noticed Terence
  1131 | D:2      | Reached XP level 4. HP: 27/40 MP: 3/3
  1295 | D:2      | Killed Terence
  1636 | D:3      | Reached skill level 1 in Dodging
  1716 | D:3      | Reached skill level 5 in Shields
  1716 | D:3      | Reached XP level 5. HP: 46/46 MP: 4/4
  1833 | D:3      | Mangled by a gnoll

Illustrated notes

Levels and vault maps discovered:
D:1:      minmay_arrival_checkered_box, layout_basic
D:2:      layout_rooms, nicolae_ru_the_path_less_chosen, uniq_terence
D:3:      kennysheep_goblin_castle, layout_basic

Skill      XL: |  1  2  3  4  5 |
---------------+----------------+-----
Shields        | 4 5 |  5.0
Fighting       | 4 |  4.2
Armour         | 4 |  4.3
Maces & Flails | 3 4 |  4.0
Dodging        | 1 |  1.0
Throwing       | |  0.6

Action                   |  1- 3 |  4- 6 || total
-------------------------+-------+-------++-------
Melee: Flail             |   101 |    47 ||   148
       Headbutt          |    12 |     9 ||    21
Throw: Stone             |     4 |       ||     4
Evoke: Wand              |       |     1 ||     1
  Use: Scroll            |       |     4 ||     4
Armor: Scale mail        |    36 |    23 ||    59
Dodge: Dodged            |    27 |    16 ||    43
Block: Kite shield       |    56 |    24 ||    80

Table legend: (Time is in decaauts)
 A = Elapsed time spent in this place.
 B = Non-inter-level travel time spent in this place.
 C = Inter-level travel time spent in this place.
 D = Time resting spent in this place.
 E = Time spent auto-exploring this place.
 F = Levels seen in this place.
 G = Mean time per level.
                   A        B        C        D        E       F      G
               +--------+--------+--------+--------+--------+-----+--------+
         Total |   1900 |   1875 |     25 |      0 |   1325 |   3 |  633.3 |
       Dungeon |   1900 |   1875 |     25 |      0 |   1325 |   3 |  633.3 |
               +--------+--------+--------+--------+--------+-----+--------+

Top non-repeatable levels by time:
     D:2: 903 daAuts
     D:1: 749 daAuts
     D:3: 247 daAuts
